AoeStats
← 大王同学

Arena

505875248Analyzed
4v4 RM · 19d ago on Sep 11, 2026· 44m 50s· 8 players
Game mode
Random Map
Map size
Large (8 player)
Population
200
Speed
Normal
Resources
Standard
Victory
Conquest
Starting age
Dark Age
Ending age
Imperial Age
RankedLock teamsTeams togetherTeam positionsShared explorationLock speedFull tech treeHidden civsTurbo modeCheats
Victory
Defeat
🇨🇱 Britons · Chile
1299
+11
🇨🇳 Goths · China
1265
+13
🇧🇷 Wei · Brazil
1227
+14
🇪🇸 Sicilians · Spain
1164
+17
🇭🇰 Lithuanians · Hong Kong SAR China
1276
-17
🇨🇳 Cumans · China
1193
-14
🇨🇳 Wei · China
1147
-12
🇨🇳 Bohemians · China
1146
-12
Fs.Emmanuel
10:20 Feudal Age
14:16 Castle Age
13:56 Double-Bit Axe
13:53 Horse Collar
18:44 Bow Saw
20:39 Loom
22:01 Heavy Plow
23:25 Gold Mining
24:34 Stone Mining
26:07 Wheelbarrow
25:45 Scale Barding Armor
27:15 Bloodlines
30:40 Forging
33:48 Imperial Age
32:53 Town Watch
34:16 Gold Shaft Mining
33:57 Heavy Hei Guang Cavalry
35:04 Chain Barding Armor
35:28 Stone Shaft Mining
35:53 Iron Casting
36:25 Crop Rotation
35:58 Fletching
36:49 Conscription
37:23 Ming Guang Armor
36:29 Light Cavalry
37:10 Husbandry
38:32 Blast Furnace
38:41 Hand Cart
38:29 Tuntian
39:04 Hoardings
38:50 Bodkin Arrow
38:56 Padded Archer Armor
40:44 Parthian Tactics
39:41 Elite Tiger Cavalry
41:38 Bracer
41:52 Hussar
42:49 Leather Archer Armor
43:16 Ballistics
44:19 Chemistry
Felipe !
7:16 Loom
9:33 Feudal Age
10:24 Double-Bit Axe
17:35 Fletching
25:16 Castle Age
23:37 Padded Archer Armor
26:07 Bodkin Arrow
25:37 Crossbowman
28:53 Gold Mining
34:52 Town Watch
37:37 Ballistics
38:51 Leather Archer Armor
39:01 Murder Holes
44:27 Wheelbarrow
44:32 Gold Shaft Mining
44:32 Horse Collar
[KBRA] Oeseka
12:24 Feudal Age
14:45 Double-Bit Axe
17:16 Castle Age
15:40 Forging
19:54 Bow Saw
22:27 Light Cavalry
24:09 Scale Barding Armor
24:40 Iron Casting
26:07 Wheelbarrow
27:46 Hand Cart
30:22 Loom
31:40 Bloodlines
31:40 Horse Collar
34:31 Imperial Age
32:24 Chain Barding Armor
34:44 Bloodlines
34:35 Cavalier
35:15 Husbandry
35:54 Plate Barding Armor
36:20 Blast Furnace
36:23 Town Watch
36:44 Heavy Plow
37:38 Conscription
38:26 Gold Mining
38:26 Stone Mining
39:35 Hauberk
40:06 Hoardings
39:43 Capped Ram
40:48 Siege Ram
41:58 Fletching
42:09 Scale Mail Armor
ouujkj
10:38 Feudal Age
14:48 Castle Age
12:39 Double-Bit Axe
12:49 Horse Collar
15:48 Bow Saw
16:54 Loom
20:49 Pikeman
22:16 Scale Mail Armor
24:09 Wheelbarrow
30:21 Imperial Age
28:21 Chain Mail Armor
28:16 Forging
29:09 Fletching
30:37 Iron Casting
32:51 Two-Man Saw
31:27 Halberdier
32:08 Squires
34:02 Blast Furnace
34:45 Bodkin Arrow
34:18 Onager
35:18 Elite Skirmisher
38:58 Hand Cart
38:29 Town Watch
39:20 Bracer
40:44 Padded Archer Armor
40:55 Heavy Plow
42:44 Chemistry
42:05 Ballistics
41:56 Masonry
43:11 Leather Archer Armor
42:58 Murder Holes
42:54 Capped Ram
44:58 Conscription
44:39 Perfusion
kiyohime
1:36 Loom
10:01 Feudal Age
10:52 Double-Bit Axe
10:51 Horse Collar
11:49 Wheelbarrow
19:52 Gold Mining
23:45 Castle Age
21:43 Stone Mining
24:53 Hand Cart
24:41 Heavy Plow
25:19 Gold Shaft Mining
25:00 Forging
24:56 Scale Barding Armor
25:42 Town Watch
26:51 Chain Barding Armor
27:07 Iron Casting
27:47 Bloodlines
26:58 Light Cavalry
27:05 Capped Ram
34:13 Imperial Age
34:31 Steppe Husbandry
35:02 Elite Steppe Lancer
35:04 Hussar
36:07 Conscription
大王同学
11:22 Feudal Age
15:00 Castle Age
13:09 Double-Bit Axe
16:18 Bow Saw
16:05 Horse Collar
21:36 Sanctity
23:03 Wheelbarrow
23:41 Scale Barding Armor
26:06 Heavy Plow
26:23 Hand Cart
25:53 Town Watch
25:54 Loom
32:01 Imperial Age
29:32 Fletching
29:42 Padded Archer Armor
30:21 Bodkin Arrow
30:55 Elite Skirmisher
31:41 Thumb Ring
31:54 Leather Archer Armor
32:01 Ballistics
31:51 Masonry
32:53 Bracer
33:23 Ring Archer Armor
34:47 Chemistry
35:20 Chain Barding Armor
35:10 Forging
39:17 Iron Casting
39:27 Elite Leitis
40:28 Conscription
K12580
11:10 Feudal Age
12:52 Loom
18:02 Castle Age
32:44 Double-Bit Axe
35:01 Horse Collar
40:25 Imperial Age
42:22 Chemistry
44:55 Wheelbarrow
唐尚书右丞王维
0:28 Loom
11:46 Feudal Age
16:37 Castle Age
16:21 Double-Bit Axe
16:28 Gold Mining
16:42 Horse Collar
19:11 Gold Shaft Mining
21:40 Wheelbarrow
25:08 Fletching
31:02 Imperial Age
29:16 Ballistics
29:00 Padded Archer Armor
28:57 Bodkin Arrow
30:05 Thumb Ring
30:19 Tuntian
31:00 Husbandry
31:34 Bloodlines
31:52 Scale Barding Armor
32:43 Parthian Tactics
33:05 Light Cavalry
33:57 Forging
33:49 Bracer
35:05 Leather Archer Armor
34:44 Hussar
36:34 Chain Barding Armor
40:07 Chemistry
40:26 Ring Archer Armor
Connection lost

Rejoining the realm…

Still unreachable

The connection could not be restored.

Session expired

The server has moved on; the page needs a fresh start.